 Dungeon Crawl Stone Soup version 0.32-a0-893-gf85d74f360 (webtiles) character file.

Game seed: 12958424602092428952

344 GiantSquids the Shooter (level 6, 0/44 HPs)
             Began as a Coglin Hunter on Apr 3, 2024.
             Succumbed to a scorpion's poison
             ... on level 2 of the Dungeon.
             The game lasted 00:02:59 (1419 turns).

GiantSquids the Shooter (Coglin Hunter)             Turns: 1419, Time: 00:03:00

Health: 0/44       AC:  5    Str: 11    XL:     6   Next: 58%
Magic:  6/6        EV: 11    Int:  8    God:
Gold:   77         SH:  0    Dex: 20    Spells: 5/5 levels left

rFire   . . .        a - +2 sling {Sanghe}
rCold   . . .        d - +0 sling {Eitaro}
rNeg    . . .        c - +0 leather armour
rPois   .            k - +0 helmet
rElec   .            q - +0 cloak
rCorr   .            (no gloves)
SInv    .            (no boots)
Will    +....        (amulet unavailable)
Stlth   ++           (ring unavailable)
HPRegen 0.27/turn    (ring unavailable)
MPRegen 0.10/turn    (no gizmo)

%: no passive effects
@: mighty, lethally poisoned (0 -> -1), on berserk cooldown, attractive,
enlightened, flying, slowed, revving, very slow
A: off-hand wielding, slow wielding, warmup strikes, no jewellery, persistent
drain
a: Invent Gizmo


You were on level 2 of the Dungeon.
You visited 1 branch of the dungeon, and saw 4 of its levels.

You collected 77 gold pieces.

Inventory:

Hand Weapons
 a - a +2 sling (weapon) {Sanghe}
 d - a +0 sling (offhand) {Eitaro}
Armour
 c - a +0 leather armour (worn)
 k - a +0 helmet (worn)
 q - a +0 cloak (worn)
Wands
 m - a wand of warping (7)
Scrolls
 b - a scroll of butterflies
 h - a scroll of fog {unknown}
 i - a scroll of fear {unknown}
 j - 4 scrolls of identify {unknown}
 o - a scroll of teleportation {unknown}
 p - a scroll of enchant weapon {unknown}
Potions
 e - a potion of enlightenment
 l - a potion of attraction
 n - a potion of mutation


   Skills:
 - Level 2.0 Fighting
 + Level 7.0 Ranged Weapons
 - Level 1.7 Dodging
 - Level 0.7 Stealth


You had 5 spell levels left.
You didn't know any spells.
Your spell library contained the following spells:

 Spells                   Type           Power      Damage    Failure   Level
 Necrotise                Necr           0%         1d4       50%         1
 Vampiric Draining        Necr           0%         2d6       86%         3
 Animate Dead             Necr           0%         N/A       99%         4
 Martyr's Knell           Necr/Summ      0%         N/A       99%         4
 Borgnjor's Vile Clutch   Necr/Erth      0%         N/A       100%        5
 Curse of Agony           Necr           0%         N/A       100%        5
 Death Channel            Necr           0%         N/A       100%        6


Dungeon Overview and Level Annotations

Branches:
Dungeon (4/15)
 Temple: D:4-7

Altars:

Annotations:
D:4 Sigmund


Innate Abilities, Weirdness & Mutations

You can wield a second weapon in your off-hand.
It takes a long time for you to wield or remove held weapons.
Your first few attacks do less damage.
You cannot equip rings or amulets.
Your health recovers twice as slowly from being drained.


Message History

* * * LOW HITPOINT WARNING * * *
You feel very sick.
Your Ranged Weapons skill increases to level 7!
No target in view!
It was a potion of enlightenment.
You feel very buoyant.
You fly up into the air.
* * * LOW HITPOINT WARNING * * *
You feel sick.
It was a potion of attraction.
You feel attractive to monsters.
* * * LOW HITPOINT WARNING * * *
You feel sick.
It was a potion of mutation.
You feel extremely strange.
You begin to recover more slowly from draining effects.
* * * LOW HITPOINT WARNING * * *
You feel sick.
It was a potion of berserk rage.
A red film seems to cover your vision as you go berserk!
You feel yourself moving faster!
You feel mighty!
* * * LOW HITPOINT WARNING * * *
You feel sick.
You are too berserk!
Calm down first, please.
You start resting.
You feel a strong urge to attack something.
* * * LOW HITPOINT WARNING * * *
You feel sick.
You start resting.
You feel your anger nearly subside.
* * * LOW HITPOINT WARNING * * *
You feel sick.
You are no longer berserk.
You are exhausted.
You feel yourself slow down.
* * * LOW HITPOINT WARNING * * *
You feel sick.
It was a potion of might.
You feel very mighty all of a sudden.
You die...

.#####...##..# #.##.# ### .#
#.......# #######.##.#
.#####.#.....# #..........#
....##....######.######.#.#######
......................#.#........
...........#####.####.#.##...####
.......#.#.# #.####.#)#.....#
.......#.#.# #...........(..#
....##.# #@####.###.....# ....#
.....<...# #.# ##...## †#.#####
#.#####.## #.# ##.## ........ ###
#.# #.# ...##### ..# #.# #### ###
#.# ###### #.# .....# #.# ####.#
#.#####


There were no monsters in sight!

Vanquished Creatures
  Menkaure (D:4)
  An ogre (D:4)
  A scorpion (D:2)
  3 adders (D:2)
  4 ribbon worms (D:2)
  A dart slug (D:1)
  5 bats
  An endoplasm (D:2)
  6 giant cockroaches
  A goblin (D:4)
  3 hobgoblins
  3 kobolds
  2 quokkas
  4 ball pythons (D:1)
  5 frilled lizards (D:1)
  4 rats
45 creatures vanquished.

Notes
Turn   | Place    | Note
-------+----------+-------------------------------------------
     0 | D:1      | GiantSquids the Coglin Hunter began the quest for the Orb.
     0 | D:1      | Reached XP level 1. HP: 16/16 MP: 1/1
   120 | D:1      | Reached skill level 4 in Ranged Weapons
   120 | D:1      | Reached XP level 2. HP: 22/22 MP: 2/2
   407 | D:1      | Reached XP level 3. HP: 27/27 MP: 3/3
   629 | D:2      | Reached skill level 5 in Ranged Weapons
   631 | D:2      | Reached XP level 4. HP: 31/33 MP: 4/4
   680 | D:2      | You fall into a shaft and drop 2 floors!
   703 | D:4      | Noticed an ogre
   708 | D:4      | Killed an ogre
   709 | D:4      | Reached XP level 5. HP: 10/38 MP: 5/5
   855 | D:4      | Noticed Menkaure
   864 | D:4      | Killed Menkaure
   865 | D:4      | Reached skill level 6 in Ranged Weapons
   865 | D:4      | Reached XP level 6. HP: 13/44 MP: 6/6
  1002 | D:4      | Noticed Sigmund
  1411 | D:2      | Reached skill level 7 in Ranged Weapons
  1413 | D:2      | Gained mutation: Your health recovers twice as slowly from
                  | being drained. [potion of mutation]
  1415 | D:2      | HP: 3/66 [poisoned by a scorpion]
  1418 | D:2      | HP: 1/44 [poisoned by a scorpion]
  1419 | D:2      | Succumbed to a scorpion's poison

Illustrated notes

Levels and vault maps discovered:
D:1:      onia_arrival_mini_maze, layout_basic, hangedman_decor_opposing
D:2:      layout_loops_ring
D:3:      layout_basic, mainiacjoe_overflow_chevrons, serial_bayou_pond_c
D:4:      layout_basic, uniq_sigmund, uniq_menkaure

Skill      XL: |  1  2  3  4  5  6 |
---------------+-------------------+-----
Ranged Weapons | 4 5 6 7 |  7.0
Fighting       | |  2.0
Dodging        | |  1.7
Stealth        | |  0.7

Action                     |  1- 3 |  4- 6 || total
---------------------------+-------+-------++-------
   Fire: Sling             |   116 |    96 ||   212
    Use: Potion            |       |     5 ||     5
 Armour: Leather armour    |     2 |    14 ||    16
  Dodge: Dodged            |     3 |     5 ||     8

Table legend: (Time is in decaauts)
 A = Elapsed time spent in this place.
 B = Non-inter-level travel time spent in this place.
 C = Inter-level travel time spent in this place.
 D = Time resting spent in this place.
 E = Time spent auto-exploring this place.
 F = Levels seen in this place.
 G = Mean time per level.
                   A        B        C        D        E       F      G
               +--------+--------+--------+--------+--------+-----+--------+
         Total |   1438 |   1433 |      5 |      1 |   1168 |   4 |  359.5 |
       Dungeon |   1438 |   1433 |      5 |      1 |   1168 |   4 |  359.5 |
               +--------+--------+--------+--------+--------+-----+--------+

Top non-repeatable levels by time:
     D:1: 559 daAuts
     D:2: 495 daAuts
     D:4: 335 daAuts
     D:3: 47 daAuts
